 Dungeon Crawl Stone Soup version 0.31-a0-879-g1609e0ac53 (webtiles) character file.

Game seed: 5878418801241938621

2 Kurtz the Sneak (level 1, -1/21 HPs)
             Began as a Naga Delver on Oct 14, 2023.
             Slain by a scorpion (8 damage)
             ... on level 4 of the Dungeon.
             The game lasted 00:00:38 (170 turns).

Kurtz the Sneak (Naga Delver)                        Turns: 170, Time: 00:00:39

Health: -1/21      AC:  1    Str: 14    XL:     1   Next: 40%
Magic:  1/1        EV: 14    Int: 10    God:
Gold:   7          SH:  0    Dex: 12    Spells: 0/0 levels left

rFire   . . .        a - +0 hand axe
rCold   . . .        (no shield)
rNeg    . . .        b - +0 leather armour
rPois   +            (no helmet)
rElec   .            (no cloak)
rCorr   .            (no gloves)
SInv    +            (no barding)
Will    .....        (no amulet)
Stlth   +++          i - +5 ring of evasion
HPRegen 0.23/turn    (no ring)
MPRegen 0.07/turn

%: no passive effects
@: very slow
A: AC +0, large, see invisible, deformed body, poison resistance, slowness 2,
spit poison 1, naga tail 1
a: Spit Poison


You were on level 4 of the Dungeon.
You visited 1 branch of the dungeon, and saw 2 of its levels.

You collected 7 gold pieces.

Inventory:

Hand Weapons
 a - a +0 hand axe (weapon)
Armour
 b - a +0 leather armour (worn)
 h - a +0 helmet
Jewellery
 i - a +5 ring of evasion (left hand)
Wands
 g - a wand of digging (3)
Scrolls
 c - a scroll of fog
 d - a scroll of revelation
Potions
 f - a potion of haste


   Skills:
 - Level 3.0 Fighting
 * Level 2.2 Axes
 - Level 1.5 Dodging
 - Level 7.2 Stealth


You couldn't memorise any spells.
You didn't know any spells.
Your spell library was empty.

Dungeon Overview and Level Annotations

Branches:
Dungeon (5/15)
 Temple: D:4-7

Altars:


Innate Abilities, Weirdness & Mutations

Your serpentine skin is tough. (AC +0)
You have supernaturally acute eyesight. (SInv)
Armour fits poorly on your strangely shaped body.
Your system is resistant to poisons. (rPois)
You cover ground very slowly.
You can spit poison.
You have a snake-like lower body.


Message History

Things that are here:
a +0 dagger; a stone; a kobold corpse The gnoll shouts!
You hit the gnoll.
The gnoll is moderately wounded.
The gnoll hits you with a +0 whip.
Unknown command.
As you read the scroll labelled KOV JAYHINO, it crumbles to dust.
It is a scroll of identify.
You don't currently have any unidentified items.
The gnoll hits you with a +0 whip.
* * * LOW HITPOINT WARNING * * *
Unknown command.
As you read the scroll of fear, it crumbles to dust.
You assume a fearsome visage.
The gnoll looks frightened! x2
The kobold looks frightened!
A kobold comes into view. It is wielding a +0 short sword.
The kobold shouts!
A scorpion comes into view.
The kobold barely misses you. x2
The kobold closely misses you. The scorpion barely misses you.
The kobold attacks as it pursues you! The kobold closely misses you.
The scorpion stings you but does no damage.
The kobold completely misses you.
Found 2 throwing nets.
The scorpion misses you. The kobold attacks as it pursues you!
The kobold barely misses you. The scorpion stings you.
Found a ruby potion.
The kobold attacks as it pursues you! The kobold hits you but does no damage.
The scorpion misses you. The kobold misses you.
The scorpion completely misses you. The scorpion stings you.
* * * LOW HITPOINT WARNING * * *
The kobold attacks as it pursues you! The kobold misses you.
The scorpion attacks as it pursues you! The scorpion barely misses you.
The kobold barely misses you. The scorpion misses you.
The scorpion attacks as it pursues you! The scorpion stings you!
You die...

### #.# #.# #.##
.# #@.# ..## ##s.#
!. .....####.K.#
#...
.......#....#.....
............(....#
................##
...........#....#
.........####....#
###.....# #....#


You could see a scorpion and a kobold.

Vanquished Creatures
  A hobgoblin (D:4)
  A ball python (D:4)
  A kobold (D:4)
3 creatures vanquished.

Notes
Turn   | Place    | Note
-------+----------+-------------------------------------------
     0 | D:5      | Kurtz the Naga Delver began the quest for the Orb.
     0 | D:5      | Reached XP level 1. HP: 21/21 MP: 1/1
     5 | D:5      | Noticed a hound
    47 | D:5      | Noticed a hound
   158 | D:4      | Noticed a scorpion
   170 | D:4      | Slain by a scorpion

Illustrated notes

Levels and vault maps discovered:
D:4:      layout_layer_cave
D:5:      layout_rooms, temple_hall, minmay_misc_feat_encased,
          kennysheep_generic_room_12, uniq_ijyb

Action                     || total
---------------------------++-------
  Melee: Hand axe          ||    12
    Use: Scroll            ||     2
 Armour: Leather armour    ||    13
  Dodge: Dodged            ||    25

Table legend: (Time is in decaauts)
 A = Elapsed time spent in this place.
 B = Non-inter-level travel time spent in this place.
 C = Inter-level travel time spent in this place.
 D = Time resting spent in this place.
 E = Time spent auto-exploring this place.
 F = Levels seen in this place.
 G = Mean time per level.
                   A        B        C        D        E       F      G
               +--------+--------+--------+--------+--------+-----+--------+
         Total |    231 |    231 |      0 |      0 |     62 |   2 |  115.5 |
       Dungeon |    231 |    231 |      0 |      0 |     62 |   2 |  115.5 |
               +--------+--------+--------+--------+--------+-----+--------+

Top non-repeatable levels by time:
     D:4: 139 daAuts
     D:5: 91 daAuts
